 Dungeon Crawl Stone Soup version 0.32-a0-696-g5fa0bccb63 (webtiles) character file.

Game seed: 690817850840956417

285324 Ajdolov the Protected (level 19, 0/154 HPs)
             Began as a Mountain Dwarf Monk on Mar 13, 2024.
             Was the Champion of Cheibriados.
             Slain by a searing wretch (18 damage)
             ... led by Margery
             ... on level 3 of the Vaults.
             The game lasted 03:34:19 (47494 turns).

Ajdolov the Protected (Mountain Dwarf Monk)        Turns: 47494, Time: 03:34:21

Health: 0/154      AC: 35    Str: 34    XL:     19   Next: 80%
Magic:  14/30      EV:  7    Int: 35    God:    Cheibriados [******]
Gold:   739        SH: 14    Dex: 23    Spells: 3/33 levels left

rFire   . . .        Y - +7 demon trident (elec)
rCold   . . .        l - +0 kite shield {reflect}
rNeg    + . .        b - +0 crystal plate armour
rPois   +            e - +2 helmet {Int+3}
rElec   +            w - +0 cloak
rCorr   .            X - +2 pair of gloves of Xuklaym {+Blink rElec Will++ Dex-4}
SInv    +            j - +2 pair of boots
Will    +++..        T - amulet of magic regeneration Stlth
                     V - ring of Hag Ruba {rElec rN+ Str+3 SInv}
HPRegen 0.45/turn    H - ring of poison resistance
MPRegen 0.62/turn

%: reflection
@: about to teleport, very slightly contaminated, very slow
A: runic magic, artefact enchanting
}: 2/15 runes: decaying, gossamer
a: Renounce Religion, Evoke Blink, Bend Time, Temporal Distortion, Slouch, Step
From Time


You were on level 3 of the Vaults.
You worshipped Cheibriados.
Cheibriados was exalted by your worship.
You visited 7 branches of the dungeon, and saw 34 of its levels.
You also visited: Volcano.

You collected 3199 gold pieces.
You spent 2460 gold pieces at shops.

Inventory:

Hand Weapons
 Y - a +7 demon trident of electrocution (weapon)
Missiles
 C - 2 curare-tipped darts
Armour
 b - a +0 crystal plate armour (worn)
 e - a +2 helmet of intelligence (worn)
 j - a +2 pair of boots (worn)
 l - a +0 kite shield of reflection (worn)
 p - the +2 pair of slick slippers {slick, slippery, EV+4}
   (You found it on level 4 of the Spider Nest)

   Slick:     Its wearer cannot be constricted, engulfed, netted, webbed, or
   stopped by binding sigils.
   Slippery:  Its wearer slips away from damaging melee attacks, pulling the
   attacker onward.
   EV+4:      It affects your evasion (+4).
 w - a +0 cloak (worn)
 X - the +2 pair of gloves of Xuklaym (worn) {+Blink rElec Will++ Dex-4}
   (You found it on level 2 of the Lair of Beasts)

   Dex-4:     It affects your dexterity (-4).
   rElec:     It insulates you from electricity.
   Will++:    It greatly increases your willpower.
   +Blink:    It lets you blink.
Jewellery
 r - an amulet of regeneration
 H - a ring of poison resistance (right hand)
 N - a +4 ring of protection
 P - a ring of ice
 Q - a ring of resist corrosion
 T - an amulet of magic regeneration (around neck)
 V - the ring of Hag Ruba (left hand) {rElec rN+ Str+3 SInv}
   (You found it on level 2 of the Lair of Beasts)

   [ring of see invisible]

   Str+3:     It affects your strength (+3).
   rElec:     It insulates you from electricity.
   rN+:       It protects you from negative energy.
   SInv:      It lets you see invisible.
Wands
 u - a wand of flame (64)
 A - a wand of charming (22)
 D - a wand of acid (7)
 F - a wand of polymorph (12)
 L - a wand of digging (12)
 U - a wand of roots (7)
 Z - a wand of mindburst (28)
Scrolls
 a - 2 scrolls of fog
 f - 2 scrolls of butterflies
 h - 7 scrolls of immolation
 n - 7 scrolls of teleportation
 o - 7 scrolls of noise
 q - 3 scrolls of vulnerability
 y - 2 scrolls of fear
 z - 4 scrolls of revelation
 G - 4 scrolls of amnesia
 I - 7 scrolls of poison
 M - a scroll of blinking
 S - a scroll of torment
 W - a scroll of brand weapon
Potions
 c - 8 potions of ambrosia
 g - 2 potions of invisibility
 k - 9 potions of brilliance
 m - 2 potions of enlightenment
 s - 8 potions of might
 t - a potion of resistance
 v - 3 potions of curing
 x - 8 potions of attraction
 E - 6 potions of lignification
 K - 6 potions of cancellation
 R - 2 potions of mutation
Miscellaneous
 B - a box of beasts (inert)
 O - a condenser vane (inert)


   Skills:
 - Level 10.0 Fighting
 - Level 14.0 Polearms
 - Level 14.1 Armour
 - Level 2.1 Dodging
 + Level 13.0 Shields
 - Level 7.6 Spellcasting
 - Level 11.8 Conjurations
 - Level 2.4 Translocations
 - Level 7.0 Fire Magic
 * Level 14.1 Ice Magic
 - Level 8.0 Air Magic
 - Level 12.1 Earth Magic
 - Level 7.1 Alchemy
 - Level 8.0 Invocations
 - Level 4.0 Evocations


You had 3 spell levels left.
You knew the following spells:

 Your Spells              Type           Power      Damage    Failure   Level
a - Freezing Cloud        Conj/Ice/Air   37%        6-21      2%          5
b - Permafrost Eruption   Ice/Erth       40%        2x4d12    6%          6
c - Blink                 Tloc           60%        N/A       4%          2
d - Bombard               Conj/Erth      38%        9d7       10%         6
e - Olgreb's Toxic Radia  Alch           59%        N/A       4%          4
f - Ignite Poison         Fire/Alch      58%        N/A       4%          4
g - Stone Arrow           Conj/Erth      100%       3d13      1%          3

Your spell library contained the following spells:

 Spells                   Type           Power      Damage    Failure   Level
 Foxfire                  Conj/Fire      100%       2x1d9     1%          1
 Freeze                   Ice            100%       1d10      1%          1
 Magic Dart               Conj           100%       1d8       1%          1
 Cigotuvi's Dreadful Rot  Necr/Alch/Air  96%        N/A       1%          2
 Momentum Strike          Conj/Tloc      100%       3d10      1%          2
 Frozen Ramparts          Ice            100%       1d16      1%          3
 Hailstorm                Conj/Ice       81%        3d14      1%          3
 Passwall                 Erth           78%        N/A       1%          3
 Summon Ice Beast         Ice/Summ       58%        N/A       1%          3
 Volatile Blastmotes      Fire/Tloc      92%        2d17      3%          3
 Lesser Beckoning         Tloc           60%        N/A       4%          2
 Call Imp                 Summ           26%        N/A       13%         2
 Tukima's Dance           Hex            13%        N/A       26%         3
 Leda's Liquefaction      Alch/Erth      34%        N/A       1%          4
 Petrify                  Alch/Erth      69%        N/A       1%          4
 Arcjolt                  Conj/Air       35%        1d45      4%          5
 Animate Armour           Summ/Erth      100%       N/A       7%          4
 Vhi's Electric Charge    Tloc/Air       98%        N/A       10%         4
 Metabolic Englaciation   Hex/Ice        29%        N/A       13%         5
 Sculpt Simulacrum        Ice/Alch       36%        N/A       16%         6
 Ozocubu's Refrigeration  Ice            42%        4d16      22%         7
 Starburst                Conj/Fire      34%        6d10      26%         6
 Manifold Assault         Tloc           30%        N/A       30%         4
 Passage of Golubria      Tloc           30%        N/A       30%         4
 Yara's Violent Unravell  Hex/Alch       19%        3d9       47%         5
 Plasma Beam              Fire/Air       30%        2x1d43    50%         6
 Eringya's Noxious Bog    Alch           29%        4d6       56%         6
 Dispel Undead            Necr           13%        3d9       63%         4
 Martyr's Knell           Necr/Summ      13%        N/A       63%         4
 Dispersal                Tloc           15%        N/A       99%         6
 Lehudib's Crystal Spear  Conj/Erth      38%        10d10     99%         8
 Disjunction              Tloc           15%        N/A       100%        8
 Maxwell's Capacitive Co  Air            31%        ∞         100%        8
 Polar Vortex             Ice            42%        12d5*     100%        9


Dungeon Overview and Level Annotations

Branches:
Dungeon (15/15)            Temple (1/1) D:5            Lair (5/5) D:11
  Swamp (4/4) Lair:2       Spider (4/4) Lair:3        Slime (0/5) Lair:4
    Orc (2/2) D:11            Elf (0/3) Orc:2        Vaults (3/5) D:14
  Crypt (0/3) Vaults:2     Depths (0/4) D:15        Volcano (visited)

Altars:
Ashenzari
Cheibriados
Dithmenos
Elyvilon
Fedhas
Gozag
Hepliaklqana
Kikubaaqudgha
Makhleb
Nemelex Xobeh
Okawaru
Qazlal
Ru
Sif Muna
Trog
Uskayaw
Vehumet
Wu Jian
Xom
Yredelemnul
Zin
The Shining One
Beogh
Jiyva

Shops:
D:4 *   D:9 [   D:10 *   D:13 :!?[   Orc:2 =([*   Vaults:2 [

Annotations:
D:3 2 transporters
D:6 4 runed translucent doors, hattey's ghost, amateur HuWn
Orc:1 1 transporter, 3 runed translucent doors, Kojinoc's ghost, adept OpWn; Loily's ghost, journeyman GrFi; Zuxkoip's ghost, journeyman MiFi
Vaults:3 Norris


Innate Abilities, Weirdness & Mutations

Your spellcasting is much less encumbered by armour.
You can use scrolls of enchantment on lesser artefacts.


Message History

The hell knight hits you from afar with a +1 halberd.
You puncture Margery!
Margery is almost dead.
Margery screams, "You can't withstand my power!"
Margery casts a spell at you. The bolt of fire misses you.
The hell knight mumbles some strange prayers to its god.
The hell knight blinks!
Margery attacks as she pursues you!
Margery hits you with a +5 demon whip of flaming!
Margery burns you. Margery casts a spell at you. The bolt of fire hits you!
* * * LOW HITPOINT WARNING * * *
Reach: Y) +7 demon trident (elec)
Press: ? - help, Dir - move target, f - Margery
Aim: Margery, wielding a +5 demon whip of flaming and wearing +0 fire dragon scales (almost dead, about 22% to evade your +7 demon trident of electrocution)
You closely miss Margery.
Margery is almost dead.
Margery points at you and mumbles some strange words.
The fireball explodes!
The fireball engulfs you!
* * * LOW HITPOINT WARNING * * *
The fireball engulfs Margery!
Margery resists.
Margery dies!
Your life force feels restored.
Casting: Freezing Cloud (mildly dangerous; 2% risk of failure)
Confirm with . or Enter, or press ? or * to list all spells.
You miscast Permafrost Eruption.
You are very lightly contaminated with residual magic.
Nothing appears to happen.
The necromancer gestures at you while chanting.
You resist with almost no effort.
You feel better. You block the hell knight's attack.
As you read the scroll of teleportation, it crumbles to dust.
You feel strangely unstable.
The hell knight hits you with a +4 demon blade!
* * * LOW HITPOINT WARNING * * *
The searing wretch claws you!!
You die...
Cheibriados appreciates the motionlessness of death.

...............
########''###
#.......p...#
#.....@.....#
.###)###..#
##§#)##..#
#p#.#.#).#
..#p#n#...#
..#.#@#.#))#
#..##.#.##).#
#..###.###..# #
..........#
..........#
###########


You could see a searing wretch, a hell knight and a necromancer.

Vanquished Creatures
  the Lernaean hydra (Swamp:4)
  Saint Roka (Vaults:3)
  Arachne (Spider:2)
  Asterion (Spider:1)
  A sphinx (Vaults:1)
  A tengu reaver (Vaults:3)
  Frances (Spider:2)
  Donald (Vaults:1)
  3 fenstrider witches
  6 ghost moths
  4 vault wardens
  7 emperor scorpions
  4 orc warlords
  4 broodmothers
  8 ironbound preservers
  A stone giant (D:15)
  3 ironbound thunderhulks
  2 very ugly things
  2 deep elf death magi
  2 formless jellyfish (Vaults:2)
  8 eleionomae
  5 bunyips
  8 dire elephants
  3 spark wasps
  2 crystal guardians
  5 entropy weavers
  7 great orbs of eyes
  2 spriggan air magi
  3 yaktaur captains
  A peacekeeper (Vaults:3)
  12 vault guards
  15 hydras
  Erica (Orc:1)
  3 ghost crabs
  A radroach (Spider:3)
  A catoblepas (Lair:2)
  10 centaur warriors
  6 ironbound frosthearts
  3 jorogumos
  2 two-headed ogres
  11 boulder beetles
  A dancing weapon (Volcano)
  A death knight (D:15)
  8 alligators
  8 demonic crawlers
  An orc high priest (Orc:2)
  2 occultists (Volcano)
  A hell hog (Lair:5)
  2 tengu warriors (D:15)
  Nergalle (Orc:2)
  Sonja (D:11)
  3 skeletal warriors (D:12)
  6 pharaoh ants
  2 skysharks
  10 goliath frogs
  23 orb spiders
  13 deep trolls (Vaults:2)
  3 spriggan druids (Swamp:1)
  3 arcanists
  2 sun moths
  2 bog bodies (Swamp:1)
  10 ironbound convokers
  9 steelbarb worms
  3 harpies (Vaults:2)
  3 lindwurms (Vaults:2)
  3 deep elf pyromancers
  11 swamp dragons
  2 oklob plants (D:11)
  14 orc knights
  A phantasmal warrior (D:15)
  2 will-o-the-wisps
  3 orc sorcerers
  26 wolf spiders
  14 ugly things
  3 cyclopes
  A manticore (D:9)
  4 moths of wrath
  5 toenail golems (Volcano)
  16 elephants
  3 meliai (Spider:4)
  11 vault sentinels
  11 black mambas
  A guardian serpent (Lair:5)
  3 torpor snails
  18 cane toads
  3 rime drakes
  A freezing wraith (Vaults:2)
  An unseen horror (D:6)
  A gargoyle (D:11)
  16 yaktaurs
  8 komodo dragons
  A kobold demonologist (D:11)
  2 efreet
  A queen bee (Lair:1)
  8 trolls
  9 tyrant leeches
  2 bloated husks
  11 polar bears (Lair:5)
  7 hornets
  13 blink frogs
  A raiju (Lair:5)
  28 tarantellas
  5 dream sheep (Lair:2)
  47 slime creatures
  32 jumping spiders
  A centaur simulacrum (D:15)
  29 culicivoras
  Sigmund (D:5)
  A spriggan (shapeshifter) (D:14)
  7 spriggans
  2 vampires
  3 wraiths
  35 yaks
  A shadow (D:11)
  11 wargs
  13 wyverns
  5 humans (Volcano)
  A steam dragon (D:8)
  6 basilisks
  67 redbacks
  6 vampire mosquitoes
  14 swamp worms
  13 hell hounds (Lair:5)
  3 acid dragons
  21 water moccasins
  11 swamp drakes
  An ice beast (D:7)
  23 orc warriors
  4 sky beasts
  11 black bears (Lair:5)
  7 ogres
  21 centaurs
  2 laughing skulls (Vaults:2)
  21 wolves
  Blork the orc (D:4)
  8 bullfrogs
  4 scorpions
  3 wights (D:9)
  35 killer bees
  An electric eel (Lair:3)
  4 howler monkeys
  5 jellies
  2 bombardier beetles
  2 hounds
  13 orc priests
  2 gnoll boudas
  A sleepcap (D:7)
  Natasha (thrice) (D:2)
  19 orc wizards
  11 gnolls
  9 adders
  2 ufetubi (D:6)
  4 dart slugs
  A ribbon worm (D:2)
  43 orcs
  3 ball pythons
  5 endoplasms
  4 giant cockroaches
  7 goblins
  8 hobgoblins
  2 jackals (D:1)
  3 quokkas
  7 bats
  7 frilled lizards
  11 kobolds
  4 rats
  A butterfly (D:9)
1206 creatures vanquished.

Vanquished Creatures (collateral kills)
  Jeremiah (D:8)
  An orc priest (D:9)
  An orc wizard (D:9)
  3 orcs (D:9)
6 creatures vanquished.

Vanquished Creatures (others)
  Xtahua (Vaults:2)
  Margery (Vaults:3)
  An arcanist (D:10)
  A bloated husk (Swamp:1)
  A tyrant leech (Swamp:2)
  A spriggan (Swamp:3)
  A bullfrog (D:8)
  An orc wizard (D:8)
  8 foxfires
16 creatures vanquished.

Grand Total: 1228 creatures vanquished

Notes
Turn   | Place    | Note
-------+----------+-------------------------------------------
     0 | D:1      | Ajdolov the Mountain Dwarf Monk began the quest for the
                  | Orb.
     0 | D:1      | Reached XP level 1. HP: 19/19 MP: 1/1
   737 | D:1      | Found a faded altar of an unknown god.
   773 | D:1      | Reached XP level 2. HP: 26/26 MP: 2/2
  1302 | D:1      | Reached XP level 3. HP: 27/31 MP: 3/3
  1753 | D:2      | Noticed Natasha
  1769 | D:2      | Killed Natasha
  1770 | D:2      | Reached skill level 5 in Polearms
  1770 | D:2      | Reached XP level 4. HP: 23/38 MP: 4/4
  1844 | D:2      | Identified the +5 quarterstaff of the Lame Duck {pain,
                  | Str+3 Int+2}
  2314 | D:2      | Noticed Natasha
  2322 | D:2      | Killed Natasha
  2423 | D:2      | Noticed Natasha
  2435 | D:2      | Killed Natasha
  2436 | D:2      | Reached XP level 5. HP: 31/45 MP: 5/5
  2723 | D:3      | Found a transporter.
  2785 | D:3      | Noticed a kobold demonologist
  2796 | D:3      | Found a transporter.
  2899 | D:3      | Reached skill level 1 in Evocations
  3442 | D:4      | Found Momy's General Store.
  3451 | D:4      | Bought a potion of heal wounds for 50 gold pieces
  3507 | D:4      | Noticed Blork the orc
  3525 | D:4      | Killed Blork the orc
  3526 | D:4      | Reached XP level 6. HP: 35/51 MP: 6/6
  4045 | D:5      | Entered Level 5 of the Dungeon
  4052 | D:5      | Found a staircase to the Ecumenical Temple.
  4059 | Temple   | Entered the Ecumenical Temple
  4074 | Temple   | Became a worshipper of Cheibriados the Contemplative
  4074 | Temple   | Reached * piety under Cheibriados
  4074 | Temple   | Reached ** piety under Cheibriados
  4871 | D:4      | Reached XP level 7. HP: 26/57 MP: 7/7
  5198 | D:5      | Noticed Sigmund
  5204 | D:5      | Found a hazy altar of Hepliaklqana.
  5214 | D:5      | Killed Sigmund
  5215 | D:5      | Found a faded altar of an unknown god.
  5935 | D:5      | Reached XP level 8. HP: 60/63 MP: 8/8
  5955 | D:5      | Reached *** piety under Cheibriados
  6364 | D:6      | Reached skill level 10 in Polearms
  6415 | D:6      | Found a sacrificial altar of Ru.
  6542 | D:6      | Found a runed translucent door.
  6543 | D:6      | Found a runed translucent door.
  6825 | D:6      | Killed an unseen horror
  6949 | D:6      | Found a large runed translucent door.
  6949 | D:6      | Found a large runed translucent door.
  6953 | D:6      | Noticed hattey's ghost (amateur HuWn)
  7286 | D:7      | Reached skill level 1 in Invocations
  7514 | D:7      | Reached XP level 9. HP: 44/70 MP: 10/10
  7646 | D:7      | Found an ancient bone altar of Kikubaaqudgha.
  7658 | D:7      | Found an opulent altar of Gozag.
  7701 | D:7      | Reached **** piety under Cheibriados
  8461 | D:8      | Noticed Jeremiah
  8476 | D:8      | Killed Jeremiah
  8610 | D:8      | Reached skill level 5 in Invocations
  9053 | D:8      | Reached skill level 5 in Fighting
  9071 | D:8      | Reached XP level 10. HP: 70/81 MP: 15/15
  9559 | D:9      | Found Ogegeizael's Antique Armour Shop.
  9801 | D:9      | Reached ***** piety under Cheibriados
  9975 | D:9      | Noticed a manticore
  9983 | D:9      | Killed a manticore
 10239 | D:10     | Entered Level 10 of the Dungeon
 10239 | D:10     | Found an iron altar of Okawaru.
 10395 | D:10     | Found a bloodstained altar of Trog.
 10396 | D:10     | Noticed a wizard
 10401 | D:10     | Killed a wizard
 10451 | D:10     | Found a burning altar of Makhleb.
 10651 | D:10     | Found a white marble altar of Elyvilon.
 10666 | D:10     | Reached skill level 1 in Conjurations
 10666 | D:10     | Reached skill level 1 in Ice Magic
 10738 | D:10     | Noticed a cyclops
 10748 | D:10     | Killed a cyclops
 10749 | D:10     | Reached skill level 1 in Spellcasting
 11021 | D:10     | Found Zihirghe's Serpentskin Sales.
 11096 | D:11     | Noticed an oklob plant
 11106 | D:11     | Found a staircase to the Lair.
 11362 | D:11     | Reached XP level 11. HP: 89/89 MP: 17/17
 11472 | D:11     | Noticed an oklob plant
 11476 | D:11     | Noticed Sonja
 11482 | D:11     | Killed Sonja
 11581 | D:11     | Found a radiant altar of Vehumet.
 11790 | D:11     | Found a staircase to the Orcish Mines.
 12055 | D:11     | Killed an oklob plant
 12226 | D:11     | Killed an oklob plant
 12340 | Lair:1   | Entered Level 1 of the Lair of Beasts
 12503 | Lair:1   | Learned a level 5 spell: Freezing Cloud
 12507 | Lair:1   | Learned a level 3 spell: Hailstorm
 12541 | Lair:1   | Reached skill level 5 in Conjurations
 12541 | Lair:1   | Reached skill level 5 in Ice Magic
 12541 | Lair:1   | Reached skill level 1 in Air Magic
 13669 | Lair:1   | Reached skill level 1 in Armour
 13669 | Lair:1   | Reached skill level 1 in Shields
 13674 | Lair:1   | Reached XP level 12. HP: 95/95 MP: 18/18
 14038 | Lair:2   | Identified the ring of Hag Ruba {rElec rN+ Str+3 SInv}
 14183 | Lair:2   | Found a staircase to the Swamp.
 14615 | Lair:2   | Reached ****** piety under Cheibriados
 14780 | Lair:2   | Identified the +1 pair of gloves of Xuklaym {+Blink rElec
                  | Will++ Dex-4}
 14942 | Lair:2   | Noticed a catoblepas
 14965 | Lair:2   | Killed a catoblepas
 16426 | Lair:3   | Found a hole to the Spider Nest.
 16678 | Lair:4   | Found a viscous altar of Jiyva.
 16678 | Lair:4   | Found a staircase to the Slime Pits.
 16837 | Lair:4   | Noticed a five-headed hydra
 16846 | Lair:4   | Killed a five-headed hydra
 16863 | Lair:4   | Reached XP level 13. HP: 28/102 MP: 19/19
 17751 | Lair:4   | Reached skill level 5 in Armour
 17751 | Lair:4   | Reached skill level 5 in Shields
 17931 | Orc:1    | Entered Level 1 of the Orcish Mines
 18031 | Orc:1    | Found a transporter.
 18138 | Orc:1    | Found a runed translucent gate.
 18143 | Orc:1    | Found a runed translucent gate.
 18145 | Orc:1    | Found a runed translucent gate.
 18147 | Orc:1    | Noticed Kojinoc's ghost (adept OpWn)
 18147 | Orc:1    | Noticed Zuxkoip's ghost (journeyman MiFi)
 18147 | Orc:1    | Noticed Loily's ghost (journeyman GrFi)
 18228 | Orc:2    | Entered Level 2 of the Orcish Mines
 18235 | Orc:2    | Noticed an orc warlord
 18491 | Orc:2    | Killed an orc warlord
 18492 | Orc:2    | Reached skill level 5 in Air Magic
 18838 | Orc:2    | Noticed Nergalle
 18856 | Orc:2    | Killed Nergalle
 18924 | Orc:2    | Noticed an orc warlord
 18942 | Orc:2    | Killed an orc warlord
 19315 | Orc:2    | Found a staircase to the Elven Halls.
 19484 | Orc:2    | Found a roughly hewn altar of Beogh.
 19700 | Orc:2    | Found Odidoi Otagg's Antique Weapon Boutique.
 19744 | Orc:2    | Found Astral's Jewellery Boutique.
 19758 | Orc:2    | Found Veinuusk's Antique Armour Boutique.
 19775 | Orc:2    | Found Degokhy's General Store.
 19782 | Orc:2    | Bought a scroll of teleportation for 39 gold pieces
 19782 | Orc:2    | Bought a scroll of teleportation for 39 gold pieces
 19782 | Orc:2    | Bought a scroll of identify for 26 gold pieces
 19782 | Orc:2    | Bought a potion of cancellation for 104 gold pieces
 19782 | Orc:2    | Bought a scroll of identify for 26 gold pieces
 20562 | Orc:1    | Noticed Erica
 20568 | Orc:1    | Killed Erica
 20838 | Orc:1    | Noticed a stone giant
 21006 | Lair:5   | Entered Level 5 of the Lair of Beasts
 21139 | Lair:5   | Paralysed by a hornet for 3 turns
 21340 | Lair:5   | Identified the +8 ring mail "Weduegiklau" {rF+ Will+ MP-9
                  | Dex+5}
 21375 | Lair:5   | Reached XP level 14. HP: 85/108 MP: 11/20
 21404 | Lair:5   | Found a dark tunnel.
 21415 | Volcano  | Entered a volcano
 23607 | Lair:5   | Reached skill level 5 in Spellcasting
 23609 | Lair:5   | Identified the maw talisman of Yredelemnul's Whim {rElec
                  | rPois MP+9}
 23892 | Lair:5   | Learned a level 2 spell: Blink
 24273 | D:12     | Reached skill level 10 in Armour
 24984 | D:13     | Found Iskok's Antique Armour Boutique.
 25005 | D:13     | You fall into a shaft and drop 2 floors!
 25005 | D:15     | Entered Level 15 of the Dungeon
 25070 | D:15     | Reached XP level 15. HP: 80/115 MP: 24/24
 25314 | D:15     | Reached skill level 1 in Translocations
 26280 | D:13     | Found Toapsen's Magic Scroll Shoppe.
 26289 | D:13     | Bought a scroll of fog for 72 gold pieces
 26289 | D:13     | Bought a scroll of identify for 36 gold pieces
 26289 | D:13     | Bought a scroll of teleportation for 54 gold pieces
 26289 | D:13     | Bought a scroll of identify for 36 gold pieces
 26366 | D:13     | Found Zocirirr's Book Shoppe.
 26386 | D:13     | Reached skill level 1 in Earth Magic
 26801 | D:13     | Found Lega's Distillery.
 26809 | D:13     | Bought a potion of enlightenment for 60 gold pieces
 26809 | D:13     | Bought a potion of heal wounds for 60 gold pieces
 26809 | D:13     | Bought a potion of brilliance for 48 gold pieces
 26809 | D:13     | Bought a potion of attraction for 36 gold pieces
 26809 | D:13     | Bought a potion of attraction for 36 gold pieces
 27327 | D:14     | Reached skill level 5 in Earth Magic
 27589 | D:14     | Found a gate to the Vaults.
 28339 | D:15     | Found a staircase to the Depths.
 28427 | D:15     | Learned a level 6 spell: Bombard
 28587 | Swamp:1  | Entered Level 1 of the Swamp
 28664 | Swamp:1  | Noticed a fenstrider witch
 28669 | Swamp:1  | Killed a fenstrider witch
 28711 | Swamp:1  | Reached skill level 10 in Conjurations
 28923 | Swamp:1  | Reached skill level 1 in Alchemy
 30004 | Swamp:2  | Noticed a fenstrider witch
 30009 | Swamp:2  | Killed a fenstrider witch
 30027 | Swamp:2  | Reached skill level 10 in Earth Magic
 30027 | Swamp:2  | Reached XP level 16. HP: 80/122 MP: 15/27
 30216 | Swamp:2  | Found a hide-covered altar of Uskayaw.
 30257 | Swamp:1  | Reached skill level 1 in Fire Magic
 31238 | Swamp:3  | Reached skill level 5 in Fire Magic
 31617 | Swamp:3  | Reached skill level 5 in Alchemy
 31739 | Swamp:3  | Identified a scroll of acquirement
 31759 | Swamp:3  | Acquired a +2 demon trident of freezing
 32232 | D:9      | Bought a fine plate armour for 868 gold pieces
 32232 | D:9      | Identified the +0 plate armour of Fuasateir {rElec rN+
                  | Int+6 Slay-4} (You bought it in a shop on level 9 of the
                  | Dungeon)
 32261 | D:10     | Bought the Directory of Alteration for 600 gold pieces
 32267 | D:10     | Learned a level 4 spell: Olgreb's Toxic Radiance
 32343 | Spider:1 | Entered Level 1 of the Spider Nest
 32673 | Spider:1 | Learned a level 4 spell: Ignite Poison
 33389 | Spider:1 | Identified the +12 plate armour of Cowardice {Rampage}
 33799 | Spider:1 | Noticed Asterion
 33807 | Spider:1 | Killed Asterion
 34454 | Spider:2 | Noticed Frances
 34459 | Spider:2 | Killed Frances
 34545 | Spider:2 | Noticed Arachne
 34562 | Spider:2 | Killed Arachne
 34950 | Spider:2 | Reached XP level 17. HP: 110/132 MP: 17/28
 36602 | Spider:3 | Identified the +1 sling of Suly {flame, rElec Dex+2}
 36613 | Spider:3 | Reached skill level 10 in Fighting
 37205 | Spider:4 | Entered Level 4 of the Spider Nest
 37839 | Spider:4 | Identified the +7 rapier "ETAOIN SHRDLU" {pain, rF+ rN+
                  | MP-9 Dex+3}
 39405 | Spider:4 | Reached XP level 18. HP: 73/147 MP: 1/29
 39928 | Spider:4 | Found the +2 pair of slick slippers {slick, slippery, EV+4}
 40032 | Spider:4 | Got a gossamer rune of Zot
 40142 | Spider:4 | Identified the +0 pair of gloves of Starshine {rN+}
 40465 | Swamp:4  | Entered Level 4 of the Swamp
 40566 | Swamp:4  | Noticed the 27-headed Lernaean hydra
 40795 | Swamp:4  | Killed the 27-headed Lernaean hydra
 40858 | Swamp:4  | Reached skill level 10 in Shields
 41295 | Swamp:4  | Got a decaying rune of Zot
 42028 | Vaults:1 | Entered Level 1 of the Vaults
 42128 | Vaults:1 | Reached skill level 10 in Ice Magic
 42156 | Vaults:1 | Noticed Donald
 42165 | Vaults:1 | Killed Donald
 43447 | Vaults:1 | Reached XP level 19. HP: 136/154 MP: 23/30
 43998 | Vaults:2 | Learned a level 3 spell: Stone Arrow
 44253 | Vaults:2 | Noticed Xtahua
 44271 | Vaults:2 | Killed Xtahua
 45031 | Vaults:2 | Found Danwail's Antique Armour Boutique.
 45037 | Vaults:2 | Bought a shiny helmet for 270 gold pieces
 45058 | Vaults:2 | Learned a level 6 spell: Permafrost Eruption
 46235 | Vaults:2 | Found a staircase to the Crypt.
 46782 | Vaults:3 | Noticed Margery
 47091 | Vaults:3 | Noticed Norris
 47115 | Vaults:3 | Noticed Saint Roka
 47133 | Vaults:3 | Killed Saint Roka
 47139 | Vaults:3 | HP: 11/231 [tengu reaver/bolt of acid (16)]
 47140 | Vaults:3 | HP: 4/231 [tengu reaver/bolt of poison (8)]
 47491 | Vaults:3 | Killed Margery
 47494 | Vaults:3 | Slain by a searing wretch

Illustrated notes

Levels and vault maps discovered:
D:1:      amcnicky_arrival_abandoned_market, layout_basic,
          shapermc_ecumenical_altar_mp_ritualfount, corner_web_ring,
          minmay_misc_feat_enclosed, roderic_serpentine_path,
          minmay_pentomino_z2
D:2:      minmay_chambers_of_twos, layout_basic, uniq_natasha
D:3:      gammafunk_wand_slinger, layout_basic
D:4:      layout_basic, serial_shops, shop, uniq_blork_the_orc
D:5:      layout_basic, beargit_hepliaklqana_dungeon_heroes,
          minmay_temple_entry_junction, nicolae_houndstooth_variations
D:6:      lemuel_insect_pit, layout_basic, nicolae_ru_great_annihilating_truth,
          ebering_ghost_disaster_area, minivault_4, serial_bayou_lagoon_a
D:7:      layout_basic, amethyst_overflow_temple_binary
D:8:      layout_loops_cross, minmay_increasing_density, uniq_jeremiah
D:9:      layout_irregular_city, serial_shops, nicolae_shop_waterfront,
          hangedman_glass_garden
D:10:     layout_rooms, okawaru_metal_pillars_3, lemuel_crystal_altar,
          trog_wizard, overflow_temple_1_default, serial_curves, eino_curves_01,
          eino_curves_01, guppyfry_shop_venom
D:11:     layout_loops_ring, dpeg_oklobed_lair, orc_0_dummy, vehumet_crystals,
          uniq_sonja
D:12:     layout_rooms, grunt_ministairs_10
D:13:     layout_long_grid, serial_shops, shop, shop,
          nicolae_shop_overgrown_old_shop, shop
D:14:     layout_long_grid, erik_vaults_2
D:15:     grunt_enter_depths_snipers, layout_cave_pools
Temple:   zaba_magenta_temple
Lair:1:   layout_hall_layers, serial_bayou_shore_b
Lair:2:   layout_roguey [special_room_bee], mainiacjoe_swamp_entry_lozenge_pond
Lair:3:   layout_gridlike, spider_nest_entry_web_field, serial_bayou_pond_a
Lair:4:   layout_cave_pods, slime_entry_1, serial_bayou_ford_a, st_stairs_5
Lair:5:   hangedman_lair_caniforms_friends, layout_small_grid,
          hangedman_lair_tendril_chambers, nicolae_volcano_entry_hallway,
          serial_bayou_shore_b
Swamp:1:  layout_basic_swamp, nicolae_swamp_little_tower, swamp_pool_5,
          nicolae_swamp_triple_paths
Swamp:2:  layout_falls_marsh, basic_altar
Swamp:3:  layout_basic_swamp, evilmike_swamp_ruin_house_3, swamp_pool_1_2
Swamp:4:  swamp, layout_basic_swamp, portal_ice_cave_entry_ugly_swarm,
          swamp_pool_1_2
Spider:1: layout_spider_delve, einodemon_crawler_minivault, uniq_asterion
Spider:2: layout_spider_delve, uniq_arachne, uniq_frances
Spider:3: layout_spider_delve, nicolae_spider_checkerboard,
          hangedman_spider_tarantella_strand
Spider:4: guppyfry_spider_rune, nicolae_spider_twisty_arc_passages
Orc:1:    emtedronai_trogs_sanctum, layout_caves, gammafunk_ghost_cemetery,
          lemuel_statue_altar, uniq_erica
Orc:2:    grunt_orc_cross, layout_caves
Vaults:1: ontoclasm_vaults_misaligned, nicolae_vaults_cornered_office,
          v_misc_32, nicolae_vaults_little_squares_3,
          nicolae_vaults_closet_pinwheel_1, v_misc_24, v_misc_8,
          nicolae_vaults_trapezoid_lopsided_3, ontoclasm_vaults_idyll,
          nicolae_vaults_little_squares_1, hangedman_vaults_restitches,
          nicolae_vaults_weapon_check, layout_vaults_ring, uniq_donald
Vaults:2: v_misc_11, vaults_mumra_hexcomb, minmay_crypt_entry_simple_walls,
          vaults_dpeg_spiral, ontoclasm_vaults_ligature,
          nicolae_vaults_storage_closets_1, hangedman_vaults_nodes, v_misc_26,
          ontoclasm_vaults_claustrophobia, v_misc_14,
          nicolae_vaults_trapezoid_lopsided_3, vaults_dpeg_ring,
          layout_vaults_omnigrid, serial_shops,
          nicolae_shop_pleasant_corner_grove, uniq_xtahua
Vaults:3: dpeg_vaults_monster_box, nicolae_vaults_apartment_1,
          nicolae_vaults_sightless_eye, lightli_orcish_oven,
          nicolae_vaults_frosty_reception, v_misc_17,
          nicolae_vaults_trapezoid_lopsided_4, vaults_mumra_minichess,
          ontoclasm_vaults_pinch, nicolae_vaults_hallways_thing,
          vaults_mumra_hex, layout_vaults_big_room, uniq_bai_suzhen,
          uniq_margery, uniq_boris, uniq_saint_roka, uniq_norris

Skill      XL: |  1  2  3  4  5  6  7  8  9 10 11 12 13 14 15 16 17 18 19 |
---------------+----------------------------------------------------------+-----
Polearms       | 4 5 6 7 9 11 12 14 | 14.0
Evocations     | 1 3 4 |  4.0
Invocations    | 2 7 8 |  8.0
Fighting       | 5 7 10 | 10.0
Conjurations   | 2 5 7 8 9 10 11 | 11.8
Ice Magic      | 2 5 7 8 9 11 14 | 14.1
Spellcasting   | 1 3 6 7 |  7.6
Air Magic      | 4 6 8 |  8.0
Armour         | 1 4 7 10 11 14 | 14.1
Shields        | 1 4 5 7 11 13 | 13.0
Translocations | 2 |  2.4
Earth Magic    | 10 12 | 12.1
Alchemy        | 3 7 |  7.1
Fire Magic     | 7 |  7.0
Dodging        | |  2.1

Action                     |  1- 3 |  4- 6 |  7- 9 | 10-12 | 13-15 | 16-18 | 19-21 || total
---------------------------+-------+-------+-------+-------+-------+-------+-------++-------
  Melee: Spear             |   116 |   296 |    45 |       |       |       |       ||   457
         Halberd           |       |       |   184 |       |       |       |       ||   184
         Trident           |       |       |    51 |   698 |  1427 |   175 |       ||  2351
         Demon trident     |       |       |       |       |       |   667 |   220 ||   887
  Throw: Dart              |     2 |     4 |    21 |     6 |    16 |       |       ||    49
         Throwing net      |       |       |       |     1 |       |       |       ||     1
   Cast: Hailstorm         |       |       |       |     1 |     5 |     3 |       ||     9
         Freezing Cloud    |       |       |       |       |   133 |   128 |    24 ||   285
         Bombard           |       |       |       |       |     7 |    60 |     7 ||    74
         Olgreb's Toxic Ra |       |       |       |       |       |   130 |    38 ||   168
         Ignite Poison     |       |       |       |       |       |    88 |    26 ||   114
         Blink             |       |       |       |       |       |     1 |     3 ||     4
         Stone Arrow       |       |       |       |       |       |       |    22 ||    22
         Permafrost Erupti |       |       |       |       |       |       |    11 ||    11
 Invoke: Slouch            |       |       |       |     6 |     6 |     6 |       ||    18
  Evoke: Wand              |       |       |     4 |    15 |     9 |     1 |     2 ||    31
         Box of beasts     |       |       |       |       |       |     1 |     1 ||     2
         Condenser vane    |       |       |       |       |       |       |     1 ||     1
    Use: Scroll            |       |       |    10 |     6 |     9 |    19 |     8 ||    52
         Potion            |       |       |       |     2 |     8 |     4 |    12 ||    26
   Stab: Paralysed         |       |       |     1 |       |       |       |       ||     1
         Invisible         |       |       |       |       |     6 |       |     2 ||     8
         Distracted        |       |       |       |       |     1 |       |       ||     1
 Armour: Robe              |     5 |       |       |       |       |       |       ||     5
         Ring mail         |    32 |    20 |       |       |       |       |       ||    52
         Plate armour      |       |   256 |   212 |   535 |    15 |       |       ||  1018
         Crystal plate arm |       |       |       |       |  1017 |  1088 |   179 ||  2284
  Dodge: Dodged            |    42 |    63 |    45 |   207 |   259 |   280 |    30 ||   926
  Block: Buckler           |       |       |       |       |   306 |   241 |       ||   547
         Kite shield       |       |       |       |       |       |    45 |    84 ||   129
         Reflection        |       |       |       |       |       |    24 |    14 ||    38

Table legend: (Time is in decaauts)
 A = Elapsed time spent in this place.
 B = Non-inter-level travel time spent in this place.
 C = Inter-level travel time spent in this place.
 D = Time resting spent in this place.
 E = Time spent auto-exploring this place.
 F = Levels seen in this place.
 G = Mean time per level.
                   A        B        C        D        E       F      G
               +--------+--------+--------+--------+--------+-----+--------+
         Total |  66091 |  60674 |   5417 |  10094 |  36051 |  35 | 1888.3 |
       Dungeon |  22763 |  20690 |   2073 |   2010 |  14361 |  15 | 1517.5 |
        Temple |    399 |    399 |      0 |    337 |      0 |   1 |  399.0 |
          Lair |  12484 |  11084 |   1400 |   2368 |   6061 |   5 | 2496.8 |
         Swamp |   7359 |   6813 |    546 |   1198 |   3624 |   4 | 1839.8 |
   Spider Nest |  10647 |  10184 |    463 |   2262 |   5581 |   4 | 2661.8 |
  Orcish Mines |   4344 |   4132 |    212 |    608 |   2162 |   2 | 2172.0 |
        Vaults |   7681 |   6961 |    720 |   1271 |   4261 |   3 | 2560.3 |
       Volcano |    410 |    410 |      0 |     39 |      0 |   1 |  410.0 |
               +--------+--------+--------+--------+--------+-----+--------+

Top non-repeatable levels by time:
Vaults:2: 4532 daAuts
  Lair:5: 3254 daAuts
Spider:2: 3213 daAuts
Spider:4: 3164 daAuts
  Lair:2: 3105 daAuts
   Orc:2: 2805 daAuts
Vaults:1: 2600 daAuts
 Swamp:1: 2516 daAuts
  Lair:4: 2367 daAuts
    D:11: 2309 daAuts
Spider:3: 2286 daAuts
 Swamp:3: 2096 daAuts
Spider:1: 1983 daAuts
  Lair:1: 1917 daAuts
  Lair:3: 1839 daAuts
